 Dungeon Crawl Stone Soup version 0.31-a0-1074-g0b22e4e0f1 (webtiles) character file.

Game seed: 2264959900819660323

18 Jeffwins the Changeling (level 2, -1/12 HPs)
             Began as a Felid Shapeshifter on Dec 1, 2023.
             Slain by a kobold
             ... wielding a +0 dagger of venom
              (2 damage)
             ... on level 1 of the Dungeon.
             The game lasted 00:03:50 (362 turns).

Jeffwins the Changeling (Felid Shapeshifter)         Turns: 362, Time: 00:03:51

Health: -1/12      AC:  1    Str: 10    XL:     2   Next: 48%
Magic:  3/3        EV: 17    Int: 11    God:
Gold:   63         SH:  0    Dex: 15    Spells: 1/1 levels left
                                        Lives:  0   Deaths: 1

rFire   . .          .
                       - Unarmed
rCold   . . .        (shield unavailable)
rNeg    . . .        (body armour unavailable)
rPois   .            (helmet unavailable)
rElec   .            (cloak unavailable)
rCorr   .            (gloves unavailable)
SInv    +            (boots unavailable)
Will    .....        (no amulet)
Stlth   ++           (no ring)
HPRegen 0.22/turn    (no ring)
MPRegen 0.08/turn

%: no passive effects
@: beast-form, quick
A: beast (slay +2), very small, claws 1, fangs 3, see invisible, speed 1, shaggy
fur 1, stealthy paws, no weapons or thrown items, no armour, multi-lived
a: Begin Untransformation


You were on level 1 of the Dungeon.
You were a hulking beast.
You visited 1 branch of the dungeon, and saw 1 of its levels.

You collected 63 gold pieces.


Innate Abilities, Weirdness & Mutations

You are a hulking beast.
Your limbs bulge with bestial killing power. (Slay +2)
You have sharp claws.
You have razor-sharp teeth.
You have supernaturally acute eyesight. (SInv)
You cover ground quickly. (Speed+)
You are covered in fur. (AC +1)
Your paws help you pounce on unaware monsters.
You are incapable of wielding weapons or throwing items.
You cannot wear armour.
You gain extra lives every three experience levels.


   Skills:
 + Level 1.3 Fighting
 + Level 3.0 Dodging
 + Level 0.8 Stealth
 * Level 3.2 Unarmed Combat
 * Level 3.5 Shapeshifting


You had one spell level left.
You didn't know any spells.
Your spell library was empty.

Inventory:

Talismans
 b - a beast talisman
 c - a flux talisman
Scrolls
 f - a scroll of fog {unknown}
 h - a scroll of fear {unknown}
 i - a scroll of acquirement {unknown}
 j - a scroll of revelation {unknown}
Potions
 a - a potion of lignification {!q}
 d - a potion of mutation {unknown}
 e - a potion of brilliance {unknown}
 g - a potion of might {unknown}

Dungeon Overview and Level Annotations

Branches:
Dungeon (1/15)

Altars:

.#..# #######.### .#.#
...#.....
.#.######.#.#.####.
.#.................
.#..###.#....#######...#
.#....#.#.#............#
.............†.######...
.##...###.####.###....##
................h#......
########........Kg......
.......#####....†.#######
...###...###.............
....####...###.##.#########
.<...#####..##..#..# #...#
......## ##..##.#..####.#)#
.......## ##..###.......#.#
.#......## ##..##...#####.#


You could see a hobgoblin and a kobold.


Message History

You are too injured to fight recklessly!
You are too injured to fight recklessly!
You are too injured to fight recklessly!
You are too injured to fight recklessly!
You are too injured to fight recklessly!
You are too injured to fight recklessly!
You are too injured to fight recklessly!
You are too injured to fight recklessly!
You are too injured to fight recklessly!
You are too injured to fight recklessly!
You are too injured to fight recklessly!
You are too injured to fight recklessly!
You are too injured to fight recklessly!
You are too injured to fight recklessly!
You are too injured to fight recklessly!
You are too injured to fight recklessly!
Unknown command.
You scratch the kobold but do no damage.
You bite the kobold, but do no damage. The kobold barely misses you.
The hobgoblin barely misses you.
Unknown command.
You scratch the kobold but do no damage.
Your bite misses the kobold. The kobold completely misses you.
The hobgoblin hits you.
* * * LOW HITPOINT WARNING * * *
Unknown command.
You scratch the kobold but do no damage.
Your bite misses the kobold.
The kobold hits you with a +0 dagger of venom.
You die...

Skill      XL: |  1  2 |
---------------+-------+-----
Dodging        | 3 |  3.0
Fighting       | |  1.3
Stealth        | |  0.8
Unarmed Combat | |  3.2
Shapeshifting  | |  3.5

Action                     || total
---------------------------++-------
  Melee: Unarmed           ||    35
         Bite              ||     2
   Stab: Sleeping          ||     1
 Armour: Skin              ||     8
  Dodge: Dodged            ||    37

Levels and vault maps discovered:
D:1:      dpeg_arrival_central, layout_basic

Notes
Turn   | Place    | Note
-------+----------+-------------------------------------------
     0 | D:1      | Jeffwins the Felid Shapeshifter began the quest for the
                  | Orb.
     0 | D:1      | Reached XP level 1. HP: 9/9 MP: 2/2
   184 | D:1      | Slain by a quokka
   262 | D:1      | Reached XP level 2. HP: 12/12 MP: 3/3
   351 | D:1      | Reached skill level 3 in Dodging
   361 | D:1      | HP: 1/12 [hobgoblin (4)]
   362 | D:1      | Slain by a kobold

Vanquished Creatures
  4 ball pythons (D:1)
  3 endoplasms (D:1)
  A hobgoblin (D:1)
  A quokka (D:1)
  A bat (D:1)
  2 goblins (D:1)
  2 kobolds (D:1)
  2 rats (D:1)
16 creatures vanquished.

Table legend: (Time is in decaauts)
 A = Elapsed time spent in this place.
 B = Non-inter-level travel time spent in this place.
 C = Inter-level travel time spent in this place.
 D = Time resting spent in this place.
 E = Time spent auto-exploring this place.
 F = Levels seen in this place.
 G = Mean time per level.
                   A        B        C        D        E       F      G
               +--------+--------+--------+--------+--------+-----+--------+
         Total |    300 |    300 |      0 |      0 |    217 |   1 |  300.0 |
       Dungeon |    300 |    300 |      0 |      0 |    217 |   1 |  300.0 |
               +--------+--------+--------+--------+--------+-----+--------+

Top non-repeatable levels by time:
     D:1: 300 daAuts

Table legend:
 A = Non-vault XP
 B = Vault XP
 C = Vault XP percentage of total XP
 D = Non-vault monster count
 E = Vault monster count
 F = Vault count percentage of total count
                 A         B        C        D         E       F
            +---------+---------+-------+---------+---------+-------
      Total |      26 |       0 |   0.0 |      16 |       0 |   0.0
            +---------+---------+-------+---------+---------+-------
        D:1 |      26 |       0 |   0.0 |      16 |       0 |   0.0
            +---------+---------+-------+---------+---------+-------
